 Dungeon Crawl Stone Soup version 0.30-a0-989-g0d87f670db (webtiles) character file.

Game seed: 9544184663441401602

2230 jtron the Covered (level 9, 0/68 HPs)
             Began as a Gnoll Wanderer on Apr 3, 2023.
             Was a Believer of Vehumet.
             Succumbed to a killer bee's poison
             ... on level 7 of the Dungeon.
             The game lasted 00:16:28 (7507 turns).

jtron the Covered (Gnoll Wanderer)                  Turns: 7507, Time: 00:16:28

Health: 0/68       AC:  5    Str: 12    XL:     9   Next: 36%
Magic:  19/19      EV: 13    Int: 17    God:    Vehumet [**....]
Gold:   269        SH:  0    Dex: 10    Spells: 16/21 levels left

rFire   + . .      SeeInvis .    a - +7 mace
rCold   + . .      Faith    .    (no shield)
rNeg    . . .      Spirit   .    c - +0 robe
rPois   +          Reflect  .    (no helmet)
rElec   +          Rampage  .    d - +0 cloak
rCorr   +                        w - +0 pair of gloves
Will    .....                    (no boots)
Stlth   ++                       (no amulet)
HPRegen 0.31/turn                (no ring)
MPRegen 0.16/turn                (no ring)

@: lethally poisoned (0 -> -8), resistant
A: fangs 1, strong nose, distributed training
a: Renounce Religion


You were on level 7 of the Dungeon.
You worshipped Vehumet.
Vehumet was pleased with you.
You visited 1 branch of the dungeon, and saw 8 of its levels.

You collected 269 gold pieces.

Inventory:

Hand Weapons
 a - a +7 mace (weapon)
 b - a +3 shortbow of freezing
 A - a +0 dire flail
 B - a +0 sling
Missiles
 e - 2 boomerangs
 l - 11 poisoned darts
 s - 64 stones
Armour
 c - a +0 robe (worn)
 d - a +0 cloak (worn)
 h - a +0 buckler
 w - a +0 pair of gloves (worn)
Jewellery
 t - a ring of protection from fire
Wands
 x - a wand of polymorph (6)
 C - a wand of flame (13)
 D - a wand of digging (4)
Scrolls
 g - 4 scrolls of teleportation
 m - a scroll of silence
 p - 2 scrolls of noise {unknown}
 r - a scroll of fog {unknown}
 v - a scroll of enchant armour {unknown}
 y - 4 scrolls of blinking
 z - a scroll of identify
Potions
 f - a potion of resistance
 i - a potion of flight
 j - 2 potions of lignification
 k - a potion of ambrosia
 n - a potion of invisibility
 o - 2 potions of attraction
 q - a potion of cancellation
 u - a potion of mutation
 E - a potion of curing


   Skills:
 + Level 5.1 Fighting
 + Level 4.3 Short Blades
 + Level 4.3 Long Blades
 + Level 4.3 Axes
 + Level 7.9 Maces & Flails
 + Level 4.3 Polearms
 + Level 4.3 Staves
 + Level 4.3 Ranged Weapons
 + Level 4.3 Throwing
 + Level 7.9 Armour
 + Level 4.3 Dodging
 + Level 4.3 Stealth
 + Level 4.3 Shields
 + Level 4.3 Unarmed Combat
 + Level 6.7 Spellcasting
 + Level 3.5 Conjurations
 + Level 3.5 Hexes
 + Level 3.5 Summonings
 + Level 3.5 Necromancy
 + Level 3.5 Translocations
 + Level 3.5 Transmutations
 + Level 4.2 Fire Magic
 + Level 3.5 Ice Magic
 + Level 3.5 Air Magic
 + Level 3.5 Earth Magic
 + Level 3.5 Poison Magic
 + Level 4.8 Invocations
 + Level 4.3 Evocations


You had 16 spell levels left.
You knew the following spells:

 Your Spells              Type           Power      Damage    Failure   Level
a - Foxfire               Conj/Fire      76%        2x1d4     2%          1
b - Kindle Blastsparks    Fire/Tloc/Air  36%        2d13      8%          3
c - Shock                 Conj/Air       68%        1d7       2%          1

Your spell library contained the following spells:

 Spells                   Type           Power      Damage    Failure   Level
 Sublimation of Blood     Necr           17%        N/A       4%          2
 Wereblood                Tmut           17%        N/A       4%          2
 Fireball                 Conj/Fire      9%         3d6       54%         5
 Starburst                Conj/Fire      9%         6d5       98%         6
 Summon Hydra             Summ           8%         N/A       100%        7


Dungeon Overview and Level Annotations

Branches:
Dungeon (8/15)             Temple (0/1) D:6
   Lair: D:8-11

Altars:
Dithmenos
Nemelex Xobeh
Vehumet

Shops:
D:3 [   D:4 *


Innate Abilities, Weirdness & Mutations

You have very sharp teeth.
Your uncanny sense of smell can sniff out nearby items.
Your experience applies equally to all skills.


Message History

You shoot an arrow. The arrow misses the killer bee.
The killer bee misses you. The killer bee closely misses you.
Fire: b) +3 shortbow (freeze)
Press: ? - help, Q - select action, (/) - cycle Shift-Dir - straight line, f/p - killer bee
Aim: a killer bee (38% to hit)
You shoot an arrow. The arrow barely misses the killer bee.
The killer bee stings you but does no damage.
The killer bee completely misses you. The killer bee stings you.
Fire: b) +3 shortbow (freeze)
Press: ? - help, Q - select action, (/) - cycle Shift-Dir - straight line, f/p - killer bee
Aim: a killer bee (38% to hit)
You shoot an arrow.
The arrow hits the killer bee but does no damage.
The killer bee barely misses you. The killer bee stings you.
You are poisoned.
The killer bee poisons you!
It was a potion of resistance.
You feel protected.
You feel sick. The killer bee stings you.
* * * LOW HITPOINT WARNING * * *
You are more poisoned.
The killer bee poisons you! The killer bee closely misses you.
Fire: b) +3 shortbow (freeze)
Press: ? - help, Q - select action, (/) - cycle Shift-Dir - straight line, f/p - killer bee
Aim: a killer bee (38% to hit)
You shoot an arrow. The arrow hits the killer bee.
The arrow freezes the killer bee.
The killer bee is moderately wounded.
* * * LOW HITPOINT WARNING * * *
You feel very sick. The killer bee stings you!
* * * LOW HITPOINT WARNING * * *
The killer bee closely misses you. The killer bee completely misses you.
Your +3 shortbow of freezing stops glowing.
a - a +7 mace (weapon)
* * * LOW HITPOINT WARNING * * *
You feel sick. The killer bee closely misses you.
You closely miss the killer bee. Your bite misses the killer bee.
The killer bee is moderately wounded.
You die...

### ##.### #....## #####
##.....## ##...#### #.......##
#.......####........#
.#...........>#.....#######
.###...#.##...#.@....##...##
#...#..#.##.##...y.........#
#...###...#..#....8.......######
#...#..........##...........#..##
.###...###.....##.8.....#.......#
#.....#......####.......#......##
#...###...#.###...8..........8.##
#..#...#..#...##...............##
.###...#....#..................##


You could see a killer bee.

Vanquished Creatures
  A troll (D:7)
  A steam dragon (D:6)
  A water moccasin (D:5)
  2 sky beasts
  2 ice beasts
  An orc warrior (D:7)
  3 ogres
  2 centaurs
  A phantom (D:4)
  A bullfrog (D:7)
  2 jellies
  5 orc priests
  Crazy Yiuf (D:2)
  2 sleepcaps (D:5)
  4 iguanas
  5 orc wizards
  6 gnolls
  4 adders
  A shadow imp (D:6)
  2 ufetubi (D:5)
  A worm (D:3)
  5 dart slugs
  20 orcs
  5 ball pythons
  A bat (D:1)
  9 endoplasms
  3 giant cockroaches
  11 goblins
  8 hobgoblins
  9 jackals
  9 quokkas
  3 frilled lizards
  11 kobolds
  8 rats
150 creatures vanquished.

Vanquished Creatures (others)
  77 foxfires
77 creatures vanquished.

Grand Total: 227 creatures vanquished

Notes
Turn   | Place    | Note
-------+----------+-------------------------------------------
     0 | D:1      | jtron the Gnoll Wanderer began the quest for the Orb.
     0 | D:1      | jtron set off with the following items: a +3 mace, a scroll
                  | of blinking, a +0 robe; and the following spell memorised:
                  | Foxfire; and the following spells available to memorise:
                  | Kindle Blastsparks.
     0 | D:1      | Reached XP level 1. HP: 17/17 MP: 6/6
    35 | D:1      | Reached XP level 2. HP: 18/23 MP: 7/7
   380 | D:1      | Reached skill level 5 in Spellcasting
   380 | D:1      | Reached XP level 3. HP: 20/28 MP: 6/9
   433 | D:1      | Reached skill level 1 in Invocations
   891 | D:2      | Reached skill level 1 in Short Blades
   891 | D:2      | Reached skill level 1 in Long Blades
   891 | D:2      | Reached skill level 1 in Axes
   891 | D:2      | Reached skill level 1 in Polearms
   891 | D:2      | Reached skill level 1 in Staves
   891 | D:2      | Reached skill level 1 in Ranged Weapons
   891 | D:2      | Reached skill level 1 in Throwing
   891 | D:2      | Reached skill level 1 in Dodging
   891 | D:2      | Reached skill level 1 in Stealth
   891 | D:2      | Reached skill level 1 in Shields
   891 | D:2      | Reached skill level 1 in Unarmed Combat
   891 | D:2      | Reached skill level 1 in Evocations
   984 | D:2      | Learned a level 3 spell: Kindle Blastsparks
  1024 | D:2      | Found a faded altar of an unknown god.
  1213 | D:2      | Reached XP level 4. HP: 22/34 MP: 8/11
  1410 | D:2      | Found a runed translucent door.
  1411 | D:2      | Noticed Crazy Yiuf
  1724 | D:2      | Reached skill level 1 in Conjurations
  1724 | D:2      | Reached skill level 1 in Hexes
  1724 | D:2      | Reached skill level 1 in Summonings
  1724 | D:2      | Reached skill level 1 in Necromancy
  1724 | D:2      | Reached skill level 1 in Translocations
  1724 | D:2      | Reached skill level 1 in Transmutations
  1724 | D:2      | Reached skill level 1 in Ice Magic
  1724 | D:2      | Reached skill level 1 in Air Magic
  1724 | D:2      | Reached skill level 1 in Earth Magic
  1724 | D:2      | Reached skill level 1 in Poison Magic
  2011 | D:2      | Killed Crazy Yiuf
  2012 | D:2      | Reached XP level 5. HP: 40/40 MP: 10/12
  2255 | D:3      | Found Vaesodujuc's Antique Armour Shoppe.
  2769 | D:3      | Found a shadowy altar of Dithmenos.
  2888 | D:3      | Found a radiant altar of Vehumet.
  2897 | D:3      | Became a worshipper of Vehumet
  3099 | D:4      | Reached XP level 6. HP: 27/47 MP: 11/14
  3402 | D:4      | Reached * piety under Vehumet
  3402 | D:4      | Offered knowledge of Kiss of Death by Vehumet.
  3458 | D:4      | Reached XP level 7. HP: 27/52 MP: 15/15
  3590 | D:4      | Found Edops's General Store.
  3889 | D:5      | Entered Level 5 of the Dungeon
  4510 | D:5      | Reached XP level 8. HP: 60/60 MP: 16/16
  5351 | D:5      | Found a sparkling altar of Nemelex Xobeh.
  5827 | D:6      | Found a staircase to the Ecumenical Temple.
  6742 | D:7      | Noticed a troll
  6754 | D:7      | Killed a troll
  6755 | D:7      | Reached XP level 9. HP: 14/67 MP: 14/18
  6767 | D:7      | Reached skill level 5 in Fighting
  6933 | D:7      | Offered knowledge of Shock by Vehumet.
  6936 | D:7      | Learned a level 1 spell: Shock
  7053 | D:7      | Reached ** piety under Vehumet
  7505 | D:7      | HP: 3/68 [killer bee (8)]
  7507 | D:7      | Succumbed to a killer bee's poison

Illustrated notes

Levels and vault maps discovered:
D:1:      saegor_arrival_miasma, layout_basic, kennysheep_decorative_pillar
D:2:      layout_basic, ebering_ecumenical_altar_abandoned,
          minmay_misc_feat_nine_boxes, nicolae_figureground_pulse,
          uniq_crazy_yiuf_cottage
D:3:      layout_basic, nicolae_dithmenos_shadow_blocks,
          nicolae_vehumet_altar_sigil, serial_shops, nicolae_shop_waterfront
D:4:      layout_rooms, serial_shops, nicolae_shop_stone
D:5:      layout_loops_corners, nemelex_dance_club_becter,
          minmay_misc_feat_doors
D:6:      layout_basic, minmay_temple_entry_waves, nicolae_fountain_basement
D:7:      layout_cave_pools, serial_column_ruins, column_ruins_columns_straight,
          column_ruins_open_small, column_ruins_grid_1, column_ruins_open_tiny,
          column_ruins_corridor_straight, column_ruins_grid_1,
          column_ruins_grid_2, nicolae_titane
D:8:      layout_basic, lemuel_coloured_pillars_altar,
          lemuel_mausoleum_altar_kikubaaqudgha, serial_shops,
          nicolae_shop_crystal

Skill      XL: |  1  2  3  4  5  6  7  8  9 |
---------------+----------------------------+-----
Fire Magic     | 2 3 4 |  4.2
Spellcasting   | 5 6 |  6.7
Invocations    | 1 2 3 4 |  4.8
Short Blades   | 1 2 3 4 |  4.3
Long Blades    | 1 2 3 4 |  4.3
Axes           | 1 2 3 4 |  4.3
Polearms       | 1 2 3 4 |  4.3
Staves         | 1 2 3 4 |  4.3
Ranged Weapons | 1 2 3 4 |  4.3
Throwing       | 1 2 3 4 |  4.3
Dodging        | 1 2 3 4 |  4.3
Stealth        | 1 2 3 4 |  4.3
Shields        | 1 2 3 4 |  4.3
Unarmed Combat | 1 2 3 4 |  4.3
Evocations     | 1 2 3 4 |  4.3
Conjurations   | 1 2 3 |  3.5
Hexes          | 1 2 3 |  3.5
Summonings     | 1 2 3 |  3.5
Necromancy     | 1 2 3 |  3.5
Translocations | 1 2 3 |  3.5
Transmutations | 1 2 3 |  3.5
Ice Magic      | 1 2 3 |  3.5
Air Magic      | 1 2 3 |  3.5
Earth Magic    | 1 2 3 |  3.5
Poison Magic   | 1 2 3 |  3.5
Fighting       | 3 4 5 |  5.1
Maces & Flails | 7 |  7.9
Armour         | 7 |  7.9

Action                     |  1- 3 |  4- 6 |  7- 9 || total
---------------------------+-------+-------+-------++-------
  Melee: Mace              |    82 |   166 |   144 ||   392
         Bite              |     6 |    12 |     8 ||    26
         Punch             |       |     2 |     6 ||     8
   Fire: Sling             |       |    18 |    10 ||    28
         Shortbow          |       |       |    71 ||    71
   Cast: Foxfire           |    10 |    25 |    11 ||    46
         Shock             |       |       |     5 ||     5
         Kindle Blastspark |       |       |     1 ||     1
    Use: Potion            |     1 |     3 |     6 ||    10
         Scroll            |       |       |    20 ||    20
   Stab: Sleeping          |       |     6 |     1 ||     7
         Invisible         |       |       |     1 ||     1
 Armour: Robe              |     9 |    32 |    47 ||    88
  Dodge: Dodged            |    38 |    86 |   123 ||   247

Table legend: (Time is in decaauts)
 A = Elapsed time spent in this place.
 B = Non-inter-level travel time spent in this place.
 C = Inter-level travel time spent in this place.
 D = Time resting spent in this place.
 E = Time spent auto-exploring this place.
 F = Levels seen in this place.
 G = Mean time per level.
                   A        B        C        D        E       F      G
               +--------+--------+--------+--------+--------+-----+--------+
         Total |   7518 |   7236 |    282 |   1133 |   4892 |   8 |  939.8 |
       Dungeon |   7518 |   7236 |    282 |   1133 |   4892 |   8 |  939.8 |
               +--------+--------+--------+--------+--------+-----+--------+

Top non-repeatable levels by time:
     D:5: 1772 daAuts
     D:2: 1194 daAuts
     D:3: 1003 daAuts
     D:6: 914 daAuts
     D:7: 878 daAuts
     D:1: 865 daAuts
     D:4: 864 daAuts
     D:8: 25 daAuts
